 Dungeon Crawl Stone Soup version 0.22-a0-113-gdd6f4a9 (webtiles) character file.

167 theanonym the Magician (level 5, -1/35 HPs)
             Began as a Mummy Fire Elementalist on Jan 28, 2018.
             Slain by a hippogriff (5 damage)
             ... on level 2 of the Dungeon.
             The game lasted 00:07:17 (2434 turns).

theanonym the Magician (Mummy Fire Elementalist)    Turns: 2434, Time: 00:07:17

Health: -1/35      AC:  2    Str: 11    XL:     5   Next: 23%
Magic:  6/11       EV: 12    Int: 15    God:
Gold:   43         SH:  0    Dex: 13    Spells: 4/12 levels left

rFire    x . .     SeeInvis .   i - +0 dagger
rCold    + . .     Gourm    .   (no shield)
rNeg     + + +     Faith    .   a - +0 robe {0}
rPois    ∞         Spirit   .   (no helmet)
rElec    .         Reflect  .   (no cloak)
rCorr    .         Harm     .   (no gloves)
MR       .....                  (no boots)
Stlth    ++........             (no amulet)
HPRegen  0.11/turn              (no ring)
MPRegen  0.12/turn              (no ring)

@: about to teleport
A: no food or potions, fire vulnerability, cold resistance 1, negative energy
resistance 3, torment resistance, unbreathing
a: no special abilities


Innate Abilities, Weirdness & Mutations

You do not eat or drink.
Your flesh is vulnerable to fire.
You are immune to poison.
Your flesh is cold resistant. (rC+)
You are immune to negative energy. (rN+++)
You are immune to unholy pain and torment.
You can survive without breathing.


   Skills:
 - Level 1.5 Dodging
 - Level 1.5 Stealth
 + Level 4.0 Spellcasting
 * Level 3.0 Conjurations
 + Level 3.2 Fire Magic


You had 4 spell levels left.
You knew the following spells:

 Your Spells              Type           Power        Failure   Level  Hunger
a - Flame Tongue          Conj/Fire      ##...        4%          1    N/A
b - Conjure Flame         Conj/Fire      ##......     14%         3    N/A
c - Sticky Flame          Conj/Fire      ##......     43%         4    N/A

Skill      XL: |  1  2  3  4  5 |
---------------+----------------+-----
Conjurations   | 1 2 3 |  3.0
Spellcasting   | 3 4 |  4.0
Fire Magic     | 3 |  3.2
Dodging        | |  1.5
Stealth        | |  1.5

Action                   |  1- 3 |  4- 6 || total
-------------------------+-------+-------++-------
Melee: Short sword       |     9 |     5 ||    14
 Cast: Flame Tongue      |    40 |    53 ||    93
       Conjure Flame     |       |     6 ||     6
  Use: Scroll            |       |     2 ||     2
Armor: Robe              |     5 |     2 ||     7
Dodge: Dodged            |    14 |    22 ||    36

Inventory:

Hand Weapons
 e - a +0 short sword
   (You took it off a kobold on level 1 of the Dungeon)
 i - a +0 dagger (weapon)
   (You took it off a goblin on level 2 of the Dungeon)
Armour
 a - a +0 robe (worn) {0}
 c - a +0 buckler
   (You found it on level 1 of the Dungeon)
 h - a +0 shield
   (You found it on level 2 of the Dungeon)
Scrolls
 f - a scroll of enchant armour
 r - 2 scrolls of identify
Books
 b - a book of Flames


You were on level 2 of the Dungeon.
You were not hungry.

You visited 1 branch of the dungeon, and saw 3 of its levels.

You collected 43 gold pieces.

Dungeon Overview and Level Annotations

Branches:
Dungeon (3/15)

Altars:
Okawaru

Annotations:
D:3 Grinder

.#.## ##..#.........#...# #...
.(..## #..........#####.# #...
.#.#.## #.#######....#...# #...
##.##.###'## #.##.#..## ##.#
##(##.##...## #.......# #.#
##.##.......## #####.### #.#
.#.#.#.......## ##.#.# #.#
....#...>.....####....#########..
....'........>wH@................
.#.##.........####....#########..
.#.###.......## #.....# #..
.#.###......## #.##### #.#
.......#...## #.# #.#
##.######'### #.# #.. ##.#
#...#####.# ###.#
##.######.........# #....
##.#..).....####### #.#.#


You could see a hippogriff and a worm.

Notes
Turn   | Place    | Note
-------+----------+-------------------------------------------
     0 | D:1      | theanonym the Mummy Fire Elementalist began the quest for the Orb.
     0 | D:1      | Reached XP level 1. HP: 13/13 MP: 4/4
   112 | D:1      | Reached skill level 1 in Conjurations
   218 | D:1      | Reached XP level 2. HP: 19/19 MP: 3/5
   358 | D:1      | Reached skill level 3 in Spellcasting
   786 | D:2      | Reached skill level 2 in Conjurations
   786 | D:2      | Reached XP level 3. HP: 20/24 MP: 0/7
   895 | D:2      | Found an iron altar of Okawaru.
  1026 | D:1      | Learned a level 3 spell: Conjure Flame
  1098 | D:2      | Noticed Terence
  1304 | D:2      | Reached XP level 4. HP: 30/30 MP: 5/9
  1377 | D:2      | Killed Terence
  1377 | D:2      | Reached skill level 3 in Fire Magic
  1623 | D:2      | Learned a level 4 spell: Sticky Flame
  2033 | D:2      | Reached XP level 5. HP: 35/35 MP: 0/10
  2167 | D:2      | Reached skill level 4 in Spellcasting
  2167 | D:2      | Reached skill level 3 in Conjurations
  2413 | D:3      | Noticed Grinder
  2422 | D:3      | Noticed a hippogriff
  2433 | D:2      | HP: 16/35 [hippogriff (11)]
  2434 | D:2      | HP: 4/35 [hippogriff (5)]
  2434 | D:2      | Slain by a hippogriff

Vanquished Creatures
  A bullfrog skeleton (D:2)
  Terence (D:2)
  An iguana (D:2)
  3 gnolls
  2 adders (D:2)
  A dart slug (D:1)
  A ball python (D:1)
  4 bats
  A giant cockroach (D:1)
  3 goblins
  5 hobgoblins
  6 jackals (D:2)
  2 frilled lizards
  6 kobolds
  3 rats
40 creatures vanquished.

Table legend:
 A = Turns spent in this place as a percentage of turns spent in the entire game.
 B = Non-inter-level travel turns spent in this place as a percentage of non-inter-level travel turns spent in the entire game.
 C = Inter-level travel turns spent in this place as a percentage of turns spent in this place.
 D = Turns resting spent in this place as a percentage of non-inter-level travel turns spent in this place.
 E = Turns spent auto-exploring this place as a percentage of non-inter-level travel turns spent in this place.
 F = Non-inter-level travel turns spent in this place divided by the number of levels of this place that you've seen.
                   A       B       C       D       E      F
               +-------+-------+-------+-------+-------+----------------------
         Total | 100.0 | 100.0 |   4.2 |  37.6 |  45.9 | 777.0
       Dungeon | 100.0 | 100.0 |   4.2 |  37.6 |  45.9 | 777.0
               +-------+-------+-------+-------+-------+----------------------
